AoeStats
← Yunus

African Clearing

510326292Analyzed
4v4 RM · 3d ago on Sep 30, 2026· 19m 8s· 8 players
Game mode
Random Map
Map size
Large (8 player)
Population
200
Speed
Normal
Resources
Standard
Victory
Conquest
Starting age
Dark Age
Ending age
Imperial Age
RankedLock teamsTeams togetherTeam positionsShared explorationLock speedFull tech treeHidden civsTurbo modeCheats
Victory
Defeat
🇨🇳 Saxons · China
1237
+16
🇹🇷 Huns · Türkiye
1236
+16
🇵🇪 Spanish · Peru
1220
+16
🇹🇼 Varangians · Taiwan
1146
+18
🇨🇳 Wei · China
1242
-17
🇨🇳 Persians · China
1238
-17
🇨🇳 Spanish · China
1219
-16
🇻🇳 Gurjaras · Vietnam
1200
-16
-d
3:16 Loom
12:15 Feudal Age
17:49 Wheelbarrow
Baku1612
10:07 Loom
14:18 Feudal Age
14:45 Double-Bit Axe
15:45 Gold Mining
Blacksky
苹果砸死牛顿
8:00 Loom
13:58 Feudal Age
18:09 Castle Age
17:09 Double-Bit Axe
17:18 Gold Mining
18:24 Horse Collar
19:11 Bow Saw
Iam_Toretto
10:37 Loom
12:47 Feudal Age
17:26 Castle Age
15:26 Double-Bit Axe
18:36 Wheelbarrow
18:19 Bow Saw
18:41 Fletching
Yunus
2:52 Loom
12:07 Feudal Age
12:44 Double-Bit Axe
17:21 Wheelbarrow
21:22 Castle Age
開機中
8:24 Loom
15:36 Feudal Age
19:58 Castle Age
17:45 Double-Bit Axe
Minneapolis
12:28 Feudal Age
12:30 Feudal Age
13:13 Double-Bit Axe
17:09 Castle Age
17:48 Fletching
18:50 Padded Archer Armor
Connection lost

Rejoining the realm…

Still unreachable

The connection could not be restored.

Session expired

The server has moved on; the page needs a fresh start.